AoeStats
← Chiripa605

Lombardia

507292670Analyzed
3v3 RM · 14d ago on Sep 17, 2026· 49m 18s· 6 players
Game mode
Random Map
Map size
Normal (6 player)
Population
200
Speed
Normal
Resources
Standard
Victory
Conquest
Starting age
Dark Age
Ending age
Imperial Age
RankedLock teamsTeams togetherTeam positionsShared explorationLock speedFull tech treeHidden civsTurbo modeCheats
Victory
Defeat
🇺🇸 Goths · United States
1278
+13
🇻🇳 Hindustanis · Vietnam
1262
+14
🇨🇭 Persians · Switzerland
1261
+14
🇦🇹 Italians · Austria
1230
-14
🇦🇹 Persians · Austria
1213
-14
🇦🇹 Saracens · Austria
1198
-13
Blue Cheese
7:55 Loom
12:16 Feudal Age
12:45 Double-Bit Axe
12:42 Horse Collar
16:40 Forging
17:34 Scale Barding Armor
20:31 Wheelbarrow
22:54 Castle Age
21:57 Bloodlines
22:19 Gold Mining
24:19 Bow Saw
24:19 Town Watch
24:47 Husbandry
27:30 Hand Cart
30:16 Chain Barding Armor
30:06 Heavy Plow
35:04 Pikeman
38:53 Imperial Age
38:23 Iron Casting
37:50 Scale Mail Armor
38:24 Fletching
38:34 Padded Archer Armor
38:38 Cavalier
39:55 Plate Barding Armor
40:22 Savar
42:26 Ballistics
43:10 Blast Furnace
42:01 Fletching
42:12 Padded Archer Armor
43:19 Conscription
43:24 Kamandaran
44:45 Two-Man Saw
43:49 Padded Archer Armor
43:20 Crossbowman
44:13 Herbal Medicine
44:37 Thumb Ring
44:47 Bodkin Arrow
47:34 Chemistry
47:32 Citadels
48:01 Leather Archer Armor
48:46 Crop Rotation
48:29 Masonry
tiger
6:30 Loom
6:48 Loom
9:30 Feudal Age
10:52 Double-Bit Axe
14:21 Forging
19:01 Horse Collar
23:03 Castle Age
21:04 Gold Mining
22:13 Bloodlines
23:39 Scale Barding Armor
23:50 Light Cavalry
25:27 Chain Barding Armor
26:36 Wheelbarrow
30:27 Bow Saw
31:02 Husbandry
31:53 Stone Mining
33:11 Scale Mail Armor
34:26 Chain Mail Armor
37:01 Iron Casting
38:49 Heavy Plow
44:20 Imperial Age
42:32 Fletching
44:29 Hand Cart
44:28 Heavy Camel Rider
45:38 Conscription
45:19 Grand Trunk Road
46:39 Plate Barding Armor
46:15 Imperial Camel Rider
48:58 Blast Furnace
49:12 Elite Ghulam
Chiripa605
1:49 Loom
9:58 Feudal Age
10:34 Double-Bit Axe
10:50 Man-at-Arms
16:07 Horse Collar
18:33 Scale Mail Armor
23:26 Castle Age
23:22 Forging
23:34 Pikeman
24:17 Squires
24:57 Wheelbarrow
25:17 Bow Saw
26:57 Chain Mail Armor
29:19 Heavy Plow
29:59 Gold Mining
31:01 Hand Cart
31:31 Anarchy
40:20 Iron Casting
43:04 Imperial Age
41:00 Town Watch
41:12 Fletching
42:18 Ballistics
42:12 Bodkin Arrow
43:07 Elite Huskarl
44:08 Conscription
43:58 Perfusion
45:02 Blast Furnace
45:16 Chemistry
45:51 Two-Man Saw
44:17 Halberdier
47:37 Crop Rotation
47:10 Bracer
47:46 Town Patrol
Salatsouce
12:58 Feudal Age
11:15 Loom
14:04 Horse Collar
14:11 Double-Bit Axe
18:46 Castle Age
18:49 Fletching
19:47 Bow Saw
30:04 Forging
31:55 Bloodlines
33:06 Stone Mining
33:06 Gold Mining
34:16 Husbandry
38:51 Scale Barding Armor
39:22 Iron Casting
42:51 Chain Barding Armor
42:27 Bodkin Arrow
44:42 Wheelbarrow
43:52 Town Watch
51:57 Imperial Age
Nemesis
8:38 Loom
10:35 Feudal Age
8:53 Loom
14:37 Castle Age
12:55 Double-Bit Axe
16:09 Fletching
21:43 Bow Saw
22:44 Horse Collar
22:53 Crossbowman
27:12 Wheelbarrow
28:04 Bodkin Arrow
28:12 Padded Archer Armor
28:16 Heavy Plow
30:15 Hand Cart
31:10 Leather Archer Armor
31:08 Town Watch
32:28 Ballistics
35:35 Treadmill Crane
36:05 Masonry
40:33 Murder Holes
42:25 Town Patrol
45:48 Imperial Age
43:21 Gold Mining
43:22 Stone Mining
44:49 Thumb Ring
47:37 Chemistry
46:46 Bracer
47:24 Conscription
47:52 Elite Genoese Crossbowman
50:07 Architecture
Slim JD
11:24 Feudal Age
9:55 Loom
15:12 Castle Age
13:53 Double-Bit Axe
15:01 Horse Collar
18:46 Bow Saw
19:33 Heavy Plow
20:44 Bloodlines
21:15 Scale Barding Armor
23:11 Wheelbarrow
24:50 Husbandry
28:46 Chain Barding Armor
28:36 Forging
30:29 Gold Mining
31:38 Iron Casting
47:34 Imperial Age
47:11 Cavalier
48:33 Plate Barding Armor
48:58 Blast Furnace
Connection lost

Rejoining the realm…

Still unreachable

The connection could not be restored.

Session expired

The server has moved on; the page needs a fresh start.